Penguins vs Senateurs
Created - December 21, 2022 at 19:03
Goals
|
| Penguins |
3 |
1 |
1 |
5 |
| Senateurs |
4 |
1 |
2 |
7 |
|
Shots
|
| Penguins |
15 |
11 |
7 |
33 |
| Senateurs |
12 |
12 |
10 |
34 |
|
1st period
1. Senateurs , Sidney Crosby 13 (Sean Bergenheim 13) at 3:08
2. Penguins , Marcus Foligno 5 (Derek Stepan 9, Oliver Ekman-Larsson 15) at 8:08
3. Senateurs , Garnet Hathaway 4 (Jared Cowen 13, Taylor Chorney 11) at 12:05
4. Senateurs , Reilly Smith 4 (Sidney Crosby 19) at 12:16
5. Senateurs , Tim Schaller 4 (Sidney Crosby 20) at 15:53
6. Penguins , Steven Stamkos 12 (Jamie Benn 5) at 16:33 (PP)
7. Penguins , Jamie Arniel 2 (Cal Clutterbuck 6) at 19:08
Penalties :
Keith Aulie (Pit) for Slashing (Minor) at 4:33, Taylor Chorney (Ott) for Tripping (Minor) at 16:22
2nd period
8. Senateurs , Tim Schaller 5 (Sidney Crosby 21, Sean Bergenheim 14) at 0:40
9. Penguins , Marcus Foligno 6 (Derek Stepan 10) at 9:05
Penalties :
Oliver Ekman-Larsson (Pit) for Hooking (Minor) at 15:59
3rd period
10. Penguins , Jamie Arniel 3 (Cal Clutterbuck 7, Oscar Klefbom 9) at 7:20
11. Senateurs , Cody Eakin 5 (Jason Pominville 7, Michael Matheson 3) at 10:53
12. Senateurs , Sidney Crosby 14 (Michael Matheson 4, Jordan Martinook 4) at 13:38
Penalties :
Reilly Smith (Ott) for Hooking (Minor) at 11:17, Sean Bergenheim (Ott) for Slashing (Minor) at 14:27, Justin Schultz (Pit) for Hooking (Minor) at 17:19
Goalie Stats
Andrei Vasilevskiy (Pit), 4 saves from 8 shots - (0.500), 15:53 minutes
Viktor Fasth (Pit), 23 saves from 26 shots - (0.885), L, 5-5-1, 44:07 minutes
Jonathan Bernier (Ott), 28 saves from 33 shots - (0.848), W, 8-8-1, 60:00 minutes
Players Stats for Penguins
Player Name G A P +/- PIM S H SB GA TA FO MP PP MP PK MP
------------------------------------------------------------------------------------
Andy Andreoff 0 0 0 -1 0 0 0 1 0 0 0/0 7:20 0:07 1:14
Cal Clutterbuck 0 2 2 0 0 2 0 0 0 0 0/1 14:19 0:00 3:17
Derek Stepan 0 2 2 -2 0 1 2 0 0 0 6/13 17:14 1:33 0:53
Jamie Arniel 2 0 2 0 0 4 2 0 0 0 7/13 14:12 0:00 3:17
Jamie Benn 0 1 1 0 0 2 4 0 0 0 1/2 20:27 2:29 0:00
Joe Colborne 0 0 0 -1 0 0 0 0 0 0 0/1 7:51 0:00 1:47
Justin Schultz 0 0 0 0 2 0 0 0 0 1 0/0 18:44 0:00 2:34
Keith Aulie 0 0 0 -1 2 3 2 1 0 0 0/0 26:27 1:32 2:15
Marcus Foligno 2 0 2 -2 0 4 2 2 1 0 0/1 17:49 1:33 1:26
Mats Zuccarello 0 0 0 -1 0 1 0 0 1 0 0/1 5:56 0:00 0:00
Nick Leddy 0 0 0 -2 0 0 2 1 1 0 0/0 15:29 2:37 2:14
Nikita Kucherov 0 0 0 0 0 7 4 1 1 0 1/2 20:36 2:36 0:00
Oliver Ekman-Larsson 0 1 1 -2 2 3 2 5 1 0 0/0 28:57 2:37 2:33
Oscar Klefbom 0 1 1 0 0 0 3 0 0 0 0/0 18:25 1:32 0:53
Paul Stastny 0 0 0 0 0 1 1 0 0 0 0/0 10:55 0:00 0:00
Robert Hagg 0 0 0 -1 0 1 1 0 0 0 0/0 12:04 0:00 1:25
Steven Stamkos 1 0 1 0 0 3 1 0 0 0 21/37 20:48 2:36 0:00
William Nylander 0 0 0 -2 0 1 0 0 1 0 1/2 16:27 1:33 0:00
Players Stats for Senateurs
Player Name G A P +/- PIM S H SB GA TA FO MP PP MP PK MP
------------------------------------------------------------------------------------
Cody Eakin 1 0 1 0 0 5 1 0 0 0 6/13 13:31 0:20 1:30
David Backes 0 0 0 1 0 0 0 0 0 0 0/0 1:46 0:53 0:00
Eric Gelinas 0 0 0 1 0 1 0 1 1 0 0/0 23:05 3:10 3:02
Evgeni Malkin 0 0 0 -2 0 2 1 0 0 0 9/17 14:51 2:25 0:00
Garnet Hathaway 1 0 1 1 0 4 2 0 0 0 0/0 11:24 2:14 0:00
Jared Cowen 0 1 1 0 0 2 1 1 0 1 0/0 23:58 3:32 2:55
Jason Pominville 0 1 1 0 0 4 1 0 0 0 0/0 12:21 0:25 0:00
Jeff Woywitka 0 0 0 2 0 0 0 2 0 1 0/0 17:06 0:37 0:32
Jordan Martinook 0 1 1 2 0 3 2 0 0 0 0/1 11:04 0:11 2:11
Ladislav Smid 0 0 0 1 0 3 0 0 0 2 0/0 20:48 2:25 1:24
Michael Matheson 0 2 2 2 0 0 1 0 0 1 0/0 15:29 0:00 0:00
Reilly Smith 1 0 1 -1 2 1 2 0 0 0 1/3 26:03 2:25 0:58
Rostislav Olesz 0 0 0 -2 0 0 0 0 0 0 0/1 16:12 2:25 1:11
Sean Bergenheim 0 2 2 3 2 0 3 0 0 0 0/2 20:34 3:21 0:00
Sidney Crosby 2 3 5 4 0 4 1 2 0 0 19/31 23:18 3:12 2:28
Taylor Chorney 0 1 1 0 2 2 0 1 0 0 0/0 19:33 2:10 0:25
Tim Schaller 2 0 2 2 0 3 2 0 0 0 0/1 16:59 0:00 0:00
Tomas Nosek 0 0 0 1 0 0 0 0 0 1 1/4 7:46 0:00 0:00
3 Stars
1 - Sidney Crosby (Ott)
2 - Tim Schaller (Ott)
3 - Jamie Arniel (Pit)
Power Play
Penguins - 1 on 3 Attempt(s) - 33.33%
Senateurs - 0 on 3 Attempt(s) - 0.00%
Penalty Kill
Penguins - 3 on 3 Attempt(s) - 100.00%
- Score 0 goal in Penalty Kill
Senateurs - 2 on 3 Attempt(s) - 66.67%
- Score 0 goal in Penalty Kill
Team Stat
Penguins - Hits : 26 - Faceoff Wins : 37 - Blocked Shots : 11 - Penalty Minutes : 6
Senateurs - Hits : 17 - Faceoff Wins : 36 - Blocked Shots : 7 - Penalty Minutes : 6
Official
Referees : Kelly Sutherland and Francois St. Laurent
Linesman : Tony Sericolo and Trent Knorr
Game Notes
David Backes is injured at 6:11 of 1st period (Abdomen/Ribs)
Viktor Fasth enters game at 15:53 of 1st period
Taylor Chorney is injured at 14:20 of 3rd period (Sprained Right Ankle)
Finance
Level 1 -- Attendance: 5456 (90.93%) -- Ticket Income $545,600
Level 2 -- Attendance: 5000 (100.00%) -- Ticket Income $300,000
Level 3 -- Attendance: 1907 (95.35%) -- Ticket Income $66,745
Level 4 -- Attendance: 3610 (90.25%) -- Ticket Income $90,250
Luxury Box -- Attendance: 952 (95.20%) -- Ticket Income $190,400
Game was played at the Centre Canadian Tire.
Total Attendance: 16925 (94.03%)
Total Ticket Income: $1,192,995
Other Income: $178,949
Total Income: $1,371,944
Penguins
5 vs 5 Forward
Center Left Wing Right Wing Time % Phy DF OF
1 Steven Stamkos Jamie Benn Nikita Kucherov 40 1 2 2
2 Derek Stepan William Nylander Marcus Foligno 30 1 2 2
3 Jamie Arniel Paul Stastny Cal Clutterbuck 20 1 2 2
4 Joe Colborne Andy Andreoff Mats Zuccarello 10 1 2 2
5 vs 5 Defense
Defense Defense Time % Phy DF OF
1 Oliver Ekman-Larsson Keith Aulie 40 1 2 2
2 Oscar Klefbom Justin Schultz 30 1 2 2
3 Nick Leddy Robert Hagg 20 1 2 2
4 Oliver Ekman-Larsson Keith Aulie 10 1 2 2
PowerPlay Forward
Center Left Wing Right Wing Time % Phy DF OF
1 Steven Stamkos Jamie Benn Nikita Kucherov 60 1 0 4
2 Derek Stepan William Nylander Marcus Foligno 40 1 0 4
PowerPlay Defense
Defense Defense Time % Phy DF OF
1 Oliver Ekman-Larsson Nick Leddy 60 1 1 3
2 Oscar Klefbom Keith Aulie 40 1 1 3
Penalty Kill 4 Players Forward
Center Wing Time % Phy DF OF
1 Jamie Arniel Cal Clutterbuck 60 1 4 0
2 Joe Colborne Marcus Foligno 40 1 4 0
Penalty Kill 4 Players Defense
Defense Defense Time % Phy DF OF
1 Oliver Ekman-Larsson Keith Aulie 60 1 4 0
2 Robert Hagg Justin Schultz 40 1 4 0
Penalty Kill - 3 Players Forward
Forward Time % Phy DF OF
1 Cal Clutterbuck 60 1 4 0
2 Jamie Arniel 40 1 4 0
Penalty Kill - 3 Players Defense
Defense Defense Time % Phy DF OF
1 Oliver Ekman-Larsson Keith Aulie 60 1 4 0
2 Robert Hagg Justin Schultz 40 1 4 0
4 vs 4 Forward
Center Wing Time % Phy DF OF
1 Steven Stamkos Nikita Kucherov 60 1 2 2
2 Derek Stepan Marcus Foligno 40 1 2 2
4 vs 4 Defense
Defense Defense Time % Phy DF OF
1 Oliver Ekman-Larsson Keith Aulie 60 1 2 2
2 Oscar Klefbom Justin Schultz 40 1 2 2
Last Minutes Offensive
Center Left Wing Right Wing Defense Defense
Steven Stamkos Jamie Benn Nikita Kucherov Oliver Ekman-Larsson Keith Aulie
Last Minutes Defensive
Center Left Wing Right Wing Defense Defense
Jamie Arniel Jamie Benn Cal Clutterbuck Oliver Ekman-Larsson Keith Aulie
Goaltenders
Starting : Andrei Vasilevskiy
Backup : Viktor Fasth
Extra Forwards
Normal : Steven Stamkos, Derek Stepan, Jamie Arniel - PP : Steven Stamkos, Derek Stepan - PK : Joe Colborne
Extra Defensemen
Normal : Oliver Ekman-Larsson, Justin Schultz, Robert Hagg - PP : Nick Leddy - PK : Oliver Ekman-Larsson, Justin Schultz
Penalty Shots
Steven Stamkos, Derek Stepan, Nikita Kucherov, Marcus Foligno, William Nylander
Scratches
Josh Jooris (Healthy), Brandon Tanev (Suspend)
Senateurs
5 vs 5 Forward
Center Left Wing Right Wing Time % Phy DF OF
1 Sidney Crosby Sean Bergenheim David Backes 40 0 2 3
2 Evgeni Malkin Rostislav Olesz Reilly Smith 30 0 2 3
3 Cody Eakin Tim Schaller Jason Pominville 25 0 2 3
4 Tomas Nosek Jordan Martinook Garnet Hathaway 5 0 2 3
5 vs 5 Defense
Defense Defense Time % Phy DF OF
1 Jared Cowen Taylor Chorney 35 0 3 2
2 Eric Gelinas Ladislav Smid 35 0 3 2
3 Jeff Woywitka Michael Matheson 30 0 4 1
4 Jared Cowen Eric Gelinas 0 0 3 2
PowerPlay Forward
Center Left Wing Right Wing Time % Phy DF OF
1 Sidney Crosby Sean Bergenheim David Backes 60 0 0 5
2 Evgeni Malkin Rostislav Olesz Reilly Smith 40 0 0 5
PowerPlay Defense
Defense Defense Time % Phy DF OF
1 Jared Cowen Taylor Chorney 60 0 0 5
2 Eric Gelinas Ladislav Smid 40 0 1 4
Penalty Kill 4 Players Forward
Center Wing Time % Phy DF OF
1 Sidney Crosby David Backes 60 0 5 0
2 Evgeni Malkin Reilly Smith 40 0 5 0
Penalty Kill 4 Players Defense
Defense Defense Time % Phy DF OF
1 Jared Cowen Eric Gelinas 60 0 5 0
2 Ladislav Smid Taylor Chorney 40 0 5 0
Penalty Kill - 3 Players Forward
Forward Time % Phy DF OF
1 Sidney Crosby 60 0 5 0
2 Evgeni Malkin 40 0 5 0
Penalty Kill - 3 Players Defense
Defense Defense Time % Phy DF OF
1 Jared Cowen Ladislav Smid 60 0 5 0
2 Eric Gelinas Taylor Chorney 40 0 5 0
4 vs 4 Forward
Center Wing Time % Phy DF OF
1 Sidney Crosby Sean Bergenheim 60 1 2 2
2 Evgeni Malkin Rostislav Olesz 40 1 2 2
4 vs 4 Defense
Defense Defense Time % Phy DF OF
1 Jared Cowen Taylor Chorney 60 1 2 2
2 Eric Gelinas Ladislav Smid 40 1 2 2
Last Minutes Offensive
Center Left Wing Right Wing Defense Defense
Sidney Crosby Sean Bergenheim David Backes Jared Cowen Eric Gelinas
Last Minutes Defensive
Center Left Wing Right Wing Defense Defense
Sidney Crosby Sean Bergenheim David Backes Jared Cowen Ladislav Smid
Goaltenders
Starting : Jonathan Bernier
Backup : Brian Elliott
Extra Forwards
Normal : Reilly Smith, Sidney Crosby, Tim Schaller - PP : David Backes, Sean Bergenheim - PK : Reilly Smith
Extra Defensemen
Normal : Eric Gelinas, Michael Matheson, Jeff Woywitka - PP : Taylor Chorney - PK : Ladislav Smid, Jared Cowen
Penalty Shots
Sidney Crosby, Evgeni Malkin, Cody Eakin, Tim Schaller, Reilly Smith
Scratches
Jordan Schroeder (Healthy)
% Time on Ice - Penguins
Lines # - Real PCT - Wanted PCT - Time Play
Normal Forward
1 - 36% - 40% - 18:01
2 - 30% - 30% - 15:02
3 - 22% - 20% - 10:55
4 - 12% - 10% - 5:56
Normal Defense
1 - 40% - 40% - 19:56
2 - 32% - 30% - 16:07
3 - 20% - 20% - 10:07
4 - 7% - 10% - 3:44
PP Forward
1 - 63% - 60% - 2:36
2 - 37% - 40% - 1:33
PP Defense
1 - 63% - 60% - 2:37
2 - 37% - 40% - 1:32
PK Forward
1 - 76% - 60% - 4:31
2 - 24% - 40% - 1:26
PK Defense
1 - 72% - 60% - 4:17
2 - 28% - 40% - 1:40
PK3 Forward
1 - 0% - 60%
2 - 0% - 40%
PK3 Defense
1 - 0% - 60%
2 - 0% - 40%
44 Forward
1 - 0% - 60%
2 - 0% - 40%
44 Defense
1 - 0% - 60%
2 - 0% - 40%
Last Minute Offensive - 0:00
Last Minute Defensive - 0:00
Total
Forward - 60:00
Defense - 60:00
|
% Time on Ice - Senateurs
Lines # - Real PCT - Wanted PCT - Time Play
Normal Forward
1 - 36% - 40% - 18:12
2 - 25% - 30% - 12:26
3 - 23% - 25% - 11:30
4 - 16% - 5% - 7:46
Normal Defense
1 - 35% - 35% - 17:25
2 - 34% - 35% - 17:12
3 - 31% - 30% - 15:17
4 - 0% - 0% - 0:00
PP Forward
1 - 59% - 60% - 3:32
2 - 41% - 40% - 2:25
PP Defense
1 - 70% - 60% - 4:09
2 - 30% - 40% - 1:48
PK Forward
1 - 100% - 60% - 4:09
2 - 0% - 40% - 0:00
PK Defense
1 - 53% - 60% - 2:13
2 - 47% - 40% - 1:56
PK3 Forward
1 - 0% - 60%
2 - 0% - 40%
PK3 Defense
1 - 0% - 60%
2 - 0% - 40%
44 Forward
1 - 0% - 60%
2 - 0% - 40%
44 Defense
1 - 0% - 60%
2 - 0% - 40%
Last Minute Offensive - 0:00
Last Minute Defensive - 0:00
Total
Forward - 60:00
Defense - 60:00
|
Play-by-Play
1st period
0:01 of 1st period - Sidney Crosby wins face-off versus Steven Stamkos in neutral zone.
0:16 of 1st period - Snap shot by Sean Bergenheim.
0:16 of 1st period - Deflect By Sidney Crosby.
0:16 of 1st period - Shot Misses the Net.
0:16 of 1st period - Puck is out of play.
0:17 of 1st period - Evgeni Malkin wins face-off versus Derek Stepan in Penguins zone.
0:26 of 1st period - Reilly Smith is hit by Oscar Klefbom and loses puck.
1:33 of 1st period - Snap shot by Justin Schultz.
1:33 of 1st period - Shot Misses the Net.
1:47 of 1st period - Wrist shot by Evgeni Malkin.
1:47 of 1st period - Deflect By Rostislav Olesz.
1:47 of 1st period - Shot Blocked by Andy Andreoff.
1:47 of 1st period - Puck is out of play.
1:48 of 1st period - Steven Stamkos wins face-off versus Cody Eakin in Penguins zone.
2:01 of 1st period - Slapshot by Steven Stamkos.
2:01 of 1st period - Shot Misses the Net.
2:11 of 1st period - Eric Gelinas is hit by Steven Stamkos and loses puck.
2:22 of 1st period - Oliver Ekman-Larsson is hit by Tim Schaller and loses puck.
2:27 of 1st period - Slapshot by Jason Pominville.
2:27 of 1st period - Shot Blocked by Nikita Kucherov.
2:59 of 1st period - Snap shot by Nikita Kucherov.
2:59 of 1st period - Stopped by Jonathan Bernier without a rebound.
3:00 of 1st period - Sidney Crosby wins face-off versus Derek Stepan in Senateurs zone.
3:00 of 1st period - Sidney Crosby is hit by Derek Stepan.
3:08 of 1st period - Slapshot by Sidney Crosby.
3:08 of 1st period - Goal by Sidney Crosby - Penguins : 0 - Senateurs : 1.
3:09 of 1st period - Sidney Crosby wins face-off versus Jamie Arniel in neutral zone.
3:36 of 1st period - Marcus Foligno is hit by Michael Matheson and loses puck.
4:03 of 1st period - Snap shot by Oliver Ekman-Larsson.
4:03 of 1st period - Stopped by Jonathan Bernier with a rebound.
4:05 of 1st period - Slapshot by Oliver Ekman-Larsson.
4:05 of 1st period - Shot Misses the Net.
4:33 of 1st period - Minor Penalty to Keith Aulie for Slashing.
4:34 of 1st period - Sidney Crosby wins face-off versus Jamie Arniel in Penguins zone.
4:37 of 1st period - Snap shot by Sidney Crosby.
4:37 of 1st period - Shot Misses the Net.
4:39 of 1st period - Slapshot by Ladislav Smid.
4:39 of 1st period - Stopped by Andrei Vasilevskiy with a rebound.
6:10 of 1st period - David Backes is hit by Marcus Foligno and loses puck.
6:11 of 1st period - David Backes from Senateurs is injured at 6:11 of 1st period (Abdomen/Ribs).
6:12 of 1st period - Jamie Arniel wins face-off versus Sidney Crosby in Senateurs zone.
6:33 of 1st period - Penalty to Keith Aulie is over, Keith Aulie is back on ice.
7:50 of 1st period - Slapshot by Michael Matheson.
7:50 of 1st period - Shot Misses the Net.
8:06 of 1st period - Snap shot by Marcus Foligno.
8:06 of 1st period - Shot Misses the Net.
8:08 of 1st period - Snap shot by Marcus Foligno.
8:08 of 1st period - Goal by Marcus Foligno - Penguins : 1 - Senateurs : 1.
8:09 of 1st period - Jamie Benn wins face-off versus Reilly Smith in neutral zone.
8:12 of 1st period - Ladislav Smid is hit by Jamie Benn and loses puck.
8:42 of 1st period - Wrist shot by Jason Pominville.
8:42 of 1st period - Shot Blocked by Marcus Foligno.
8:54 of 1st period - Ladislav Smid is hit by Derek Stepan and loses puck.
9:07 of 1st period - Snap shot by Cody Eakin.
9:07 of 1st period - Stopped by Andrei Vasilevskiy without a rebound.
9:08 of 1st period - Steven Stamkos wins face-off versus Sean Bergenheim in Penguins zone.
9:13 of 1st period - Slapshot by Oliver Ekman-Larsson.
9:13 of 1st period - Stopped by Jonathan Bernier without a rebound.
9:14 of 1st period - Steven Stamkos wins face-off versus Reilly Smith in Senateurs zone.
9:49 of 1st period - Wrist shot by Garnet Hathaway.
9:49 of 1st period - Shot Misses the Net.
9:51 of 1st period - Slapshot by Michael Matheson.
9:51 of 1st period - Shot Blocked by Oliver Ekman-Larsson.
10:14 of 1st period - Slapshot by Oliver Ekman-Larsson.
10:14 of 1st period - Stopped by Jonathan Bernier with a rebound.
10:28 of 1st period - Slapshot by Steven Stamkos.
10:28 of 1st period - Stopped by Jonathan Bernier without a rebound.
10:29 of 1st period - Sidney Crosby wins face-off versus Cal Clutterbuck in Senateurs zone.
11:00 of 1st period - Marcus Foligno is hit by Jared Cowen and loses puck.
11:52 of 1st period - Nick Leddy is hit by Reilly Smith and loses puck.
12:05 of 1st period - Snap shot by Garnet Hathaway.
12:05 of 1st period - Goal by Garnet Hathaway - Penguins : 1 - Senateurs : 2.
12:06 of 1st period - Jamie Arniel wins face-off versus Sidney Crosby in neutral zone.
12:16 of 1st period - Snap shot by Reilly Smith.
12:16 of 1st period - Goal by Reilly Smith - Penguins : 1 - Senateurs : 3.
12:17 of 1st period - Sidney Crosby wins face-off versus Steven Stamkos in neutral zone.
12:24 of 1st period - Wrist shot by Sean Bergenheim.
12:24 of 1st period - Shot Misses the Net.
12:30 of 1st period - Sean Bergenheim is hit by Jamie Benn and loses puck.
13:00 of 1st period - Oliver Ekman-Larsson is hit by Jason Pominville and loses puck.
13:18 of 1st period - Keith Aulie is hit by Cody Eakin and loses puck.
13:54 of 1st period - Off-side.
13:55 of 1st period - Steven Stamkos wins face-off versus Sidney Crosby in neutral zone.
14:41 of 1st period - Off-side.
14:42 of 1st period - Tomas Nosek wins face-off versus Jamie Arniel in neutral zone.
14:49 of 1st period - Snap shot by Jared Cowen.
14:49 of 1st period - Stopped by Andrei Vasilevskiy with a rebound.
14:55 of 1st period - Snap shot by Garnet Hathaway.
14:55 of 1st period - Stopped by Andrei Vasilevskiy with a rebound.
14:57 of 1st period - Snap shot by Tomas Nosek.
14:57 of 1st period - Deflect By Garnet Hathaway.
14:57 of 1st period - Shot Misses the Net.
14:57 of 1st period - Puck is out of play.
14:58 of 1st period - Steven Stamkos wins face-off versus Evgeni Malkin in Penguins zone.
15:32 of 1st period - Snap shot by Jamie Arniel.
15:32 of 1st period - Shot Hit the Post.
15:44 of 1st period - Oliver Ekman-Larsson is hit by Sean Bergenheim and loses puck.
15:51 of 1st period - Snap shot by Sidney Crosby.
15:51 of 1st period - Shot Misses the Net.
15:53 of 1st period - Wrist shot by Tim Schaller.
15:53 of 1st period - Goal by Tim Schaller - Penguins : 1 - Senateurs : 4.
15:53 of 1st period - Viktor Fasth enters game.
15:54 of 1st period - Steven Stamkos wins face-off versus Sidney Crosby in neutral zone.
16:22 of 1st period - Minor Penalty to Taylor Chorney for Tripping.
16:23 of 1st period - Steven Stamkos wins face-off versus Sidney Crosby in Senateurs zone.
16:29 of 1st period - Slapshot by Nikita Kucherov.
16:29 of 1st period - Deflect By Jamie Benn.
16:29 of 1st period - Stopped by Jonathan Bernier without a rebound.
16:30 of 1st period - Steven Stamkos wins face-off versus Sidney Crosby in Senateurs zone.
16:33 of 1st period - Snap shot by Steven Stamkos.
16:33 of 1st period - Goal by Steven Stamkos - Penguins : 2 - Senateurs : 4.
16:34 of 1st period - Sidney Crosby wins face-off versus Steven Stamkos in neutral zone.
17:06 of 1st period - Slapshot by Paul Stastny.
17:06 of 1st period - Stopped by Jonathan Bernier with a rebound.
17:08 of 1st period - Snap shot by Keith Aulie.
17:08 of 1st period - Stopped by Jonathan Bernier with a rebound.
17:10 of 1st period - Wrist shot by Cal Clutterbuck.
17:10 of 1st period - Shot Misses the Net.
17:17 of 1st period - Icing by Tim Schaller.
17:18 of 1st period - Derek Stepan wins face-off versus Tomas Nosek in Senateurs zone.
17:25 of 1st period - Snap shot by Tomas Nosek.
17:25 of 1st period - Shot Misses the Net.
17:35 of 1st period - Slapshot by Jordan Martinook.
17:35 of 1st period - Shot Blocked by Marcus Foligno.
17:55 of 1st period - Snap shot by Steven Stamkos.
17:55 of 1st period - Shot Misses the Net.
17:57 of 1st period - Snap shot by Nikita Kucherov.
17:57 of 1st period - Stopped by Jonathan Bernier with a rebound.
18:11 of 1st period - Slapshot by Jared Cowen.
18:11 of 1st period - Deflect By Keith Aulie.
18:11 of 1st period - Stopped by Viktor Fasth with a rebound.
18:14 of 1st period - Icing by Keith Aulie.
18:15 of 1st period - Sidney Crosby wins face-off versus Jamie Arniel in Penguins zone.
18:29 of 1st period - Jeff Woywitka is hit by Oliver Ekman-Larsson and loses puck.
18:46 of 1st period - Slapshot by Oliver Ekman-Larsson.
18:46 of 1st period - Shot Hit the Post.
18:48 of 1st period - Slapshot by Oliver Ekman-Larsson.
18:48 of 1st period - Shot Blocked by Jeff Woywitka.
18:50 of 1st period - Slapshot by Oliver Ekman-Larsson.
18:50 of 1st period - Shot Blocked by Sidney Crosby.
19:08 of 1st period - Snap shot by Jamie Arniel.
19:08 of 1st period - Goal by Jamie Arniel - Penguins : 3 - Senateurs : 4.
19:09 of 1st period - Cody Eakin wins face-off versus Steven Stamkos in neutral zone.
19:12 of 1st period - Slapshot by Jared Cowen.
19:12 of 1st period - Deflect By Jason Pominville.
19:12 of 1st period - Stopped by Viktor Fasth with a rebound.
19:14 of 1st period - Slapshot by Cody Eakin.
19:14 of 1st period - Stopped by Viktor Fasth with a rebound.
19:16 of 1st period - Wrist shot by Jason Pominville.
19:16 of 1st period - Stopped by Viktor Fasth without a rebound.
19:17 of 1st period - Steven Stamkos wins face-off versus Cody Eakin in Penguins zone.
19:27 of 1st period - Off-side.
19:28 of 1st period - Steven Stamkos wins face-off versus Evgeni Malkin in neutral zone.
19:33 of 1st period - Slapshot by Nikita Kucherov.
19:33 of 1st period - Stopped by Jonathan Bernier with a rebound.
19:35 of 1st period - Wrist shot by Nikita Kucherov.
19:35 of 1st period - Stopped by Jonathan Bernier with a rebound.
19:37 of 1st period - Slapshot by Nick Leddy.
19:37 of 1st period - Deflect By Jamie Benn.
19:37 of 1st period - Stopped by Jonathan Bernier with a rebound.
19:39 of 1st period - Snap shot by Steven Stamkos.
19:39 of 1st period - Shot Misses the Net.
19:55 of 1st period - Evgeni Malkin is hit by Robert Hagg and loses puck.
Goals for this period are 3 for Penguins vs 4 for Senateurs.
Shots for this period are 15 for Penguins vs 12 for Senateurs.
2nd period
0:01 of 2nd period - Evgeni Malkin wins face-off versus Steven Stamkos in neutral zone.
0:38 of 2nd period - Snap shot by Sidney Crosby.
0:38 of 2nd period - Stopped by Viktor Fasth with a rebound.
0:40 of 2nd period - Snap shot by Tim Schaller.
0:40 of 2nd period - Goal by Tim Schaller - Penguins : 3 - Senateurs : 5.
0:41 of 2nd period - Steven Stamkos wins face-off versus Sidney Crosby in neutral zone.
0:46 of 2nd period - Sean Bergenheim is hit by Jamie Benn and loses puck.
1:04 of 2nd period - Icing by Sean Bergenheim.
1:05 of 2nd period - William Nylander wins face-off versus Cody Eakin in Senateurs zone.
1:12 of 2nd period - Snap shot by Derek Stepan.
1:12 of 2nd period - Stopped by Jonathan Bernier without a rebound.
1:13 of 2nd period - Steven Stamkos wins face-off versus Evgeni Malkin in Senateurs zone.
1:24 of 2nd period - Snap shot by Steven Stamkos.
1:24 of 2nd period - Shot Misses the Net.
1:26 of 2nd period - Slapshot by Keith Aulie.
1:26 of 2nd period - Deflect By Evgeni Malkin.
1:26 of 2nd period - Stopped by Jonathan Bernier with a rebound.
2:08 of 2nd period - Slapshot by Garnet Hathaway.
2:08 of 2nd period - Stopped by Viktor Fasth without a rebound.
2:09 of 2nd period - Nikita Kucherov wins face-off versus Evgeni Malkin in Penguins zone.
2:36 of 2nd period - Nick Leddy is hit by Sidney Crosby.
4:17 of 2nd period - Wrist shot by Derek Stepan.
4:17 of 2nd period - Shot Misses the Net.
4:32 of 2nd period - Wrist shot by Garnet Hathaway.
4:32 of 2nd period - Stopped by Viktor Fasth without a rebound.
4:33 of 2nd period - Steven Stamkos wins face-off versus Sidney Crosby in Penguins zone.
5:41 of 2nd period - Jordan Martinook is hit by Nick Leddy and loses puck.
6:04 of 2nd period - Snap shot by Jordan Martinook.
6:04 of 2nd period - Stopped by Viktor Fasth with a rebound.
6:06 of 2nd period - Wrist shot by Jordan Martinook.
6:06 of 2nd period - Stopped by Viktor Fasth without a rebound.
6:07 of 2nd period - Sidney Crosby wins face-off versus Derek Stepan in Penguins zone.
6:54 of 2nd period - Off-side.
6:55 of 2nd period - Evgeni Malkin wins face-off versus Steven Stamkos in neutral zone.
7:07 of 2nd period - Off-side.
7:08 of 2nd period - Steven Stamkos wins face-off versus Sidney Crosby in neutral zone.
7:58 of 2nd period - Snap shot by Cal Clutterbuck.
7:58 of 2nd period - Stopped by Jonathan Bernier with a rebound.
8:31 of 2nd period - Snap shot by Jason Pominville.
8:31 of 2nd period - Stopped by Viktor Fasth without a rebound.
8:32 of 2nd period - Steven Stamkos wins face-off versus Tim Schaller in Penguins zone.
8:57 of 2nd period - Snap shot by Nikita Kucherov.
8:57 of 2nd period - Stopped by Jonathan Bernier without a rebound.
8:58 of 2nd period - Derek Stepan wins face-off versus Sidney Crosby in Senateurs zone.
9:03 of 2nd period - Snap shot by Marcus Foligno.
9:03 of 2nd period - Stopped by Jonathan Bernier without a rebound.
9:04 of 2nd period - Derek Stepan wins face-off versus Rostislav Olesz in Senateurs zone.
9:05 of 2nd period - Snap shot by Marcus Foligno.
9:05 of 2nd period - Goal by Marcus Foligno - Penguins : 4 - Senateurs : 5.
9:06 of 2nd period - Evgeni Malkin wins face-off versus Steven Stamkos in neutral zone.
9:52 of 2nd period - Wrist shot by Jamie Arniel.
9:52 of 2nd period - Stopped by Jonathan Bernier without a rebound.
9:53 of 2nd period - Jamie Arniel wins face-off versus Tomas Nosek in Senateurs zone.
9:54 of 2nd period - Wrist shot by Cal Clutterbuck.
9:54 of 2nd period - Stopped by Jonathan Bernier with a rebound.
10:19 of 2nd period - Nikita Kucherov is hit by Evgeni Malkin and loses puck.
10:42 of 2nd period - Derek Stepan is hit by Tim Schaller and loses puck.
11:38 of 2nd period - Off-side.
11:39 of 2nd period - Cody Eakin wins face-off versus Steven Stamkos in neutral zone.
12:08 of 2nd period - Wrist shot by Marcus Foligno.
12:08 of 2nd period - Shot Misses the Net.
12:48 of 2nd period - Slapshot by Nikita Kucherov.
12:48 of 2nd period - Shot Misses the Net.
12:50 of 2nd period - Slapshot by Keith Aulie.
12:50 of 2nd period - Shot Blocked by Taylor Chorney.
12:52 of 2nd period - Wrist shot by Steven Stamkos.
12:52 of 2nd period - Deflect By Jamie Benn.
12:52 of 2nd period - Shot Misses the Net.
12:52 of 2nd period - Puck is out of play.
12:53 of 2nd period - Derek Stepan wins face-off versus Evgeni Malkin in Senateurs zone.
12:59 of 2nd period - Icing by Eric Gelinas.
13:00 of 2nd period - Evgeni Malkin wins face-off versus Derek Stepan in Senateurs zone.
13:25 of 2nd period - Snap shot by Evgeni Malkin.
13:25 of 2nd period - Shot Blocked by Oliver Ekman-Larsson.
13:27 of 2nd period - Wrist shot by Rostislav Olesz.
13:27 of 2nd period - Shot Misses the Net.
13:29 of 2nd period - Snap shot by Reilly Smith.
13:29 of 2nd period - Shot Misses the Net.
13:31 of 2nd period - Snap shot by Evgeni Malkin.
13:31 of 2nd period - Stopped by Viktor Fasth with a rebound.
13:33 of 2nd period - Slapshot by Eric Gelinas.
13:33 of 2nd period - Shot Misses the Net.
13:35 of 2nd period - Snap shot by Ladislav Smid.
13:35 of 2nd period - Stopped by Viktor Fasth with a rebound.
13:37 of 2nd period - Slapshot by Eric Gelinas.
13:37 of 2nd period - Shot Misses the Net.
13:39 of 2nd period - Slapshot by Evgeni Malkin.
13:39 of 2nd period - Shot Misses the Net.
13:41 of 2nd period - Snap shot by Evgeni Malkin.
13:41 of 2nd period - Stopped by Viktor Fasth with a rebound.
13:43 of 2nd period - Slapshot by Ladislav Smid.
13:43 of 2nd period - Stopped by Viktor Fasth with a rebound.
13:55 of 2nd period - Slapshot by Evgeni Malkin.
13:55 of 2nd period - Shot Blocked by Oliver Ekman-Larsson.
13:57 of 2nd period - Snap shot by Reilly Smith.
13:57 of 2nd period - Deflect By Evgeni Malkin.
13:57 of 2nd period - Shot Misses the Net.
13:57 of 2nd period - Puck is out of play.
13:58 of 2nd period - Steven Stamkos wins face-off versus Sidney Crosby in Penguins zone.
15:19 of 2nd period - Snap shot by Cal Clutterbuck.
15:19 of 2nd period - Deflect By Jamie Arniel.
15:19 of 2nd period - Shot Misses the Net.
15:19 of 2nd period - Puck is out of play.
15:20 of 2nd period - Jamie Arniel wins face-off versus Tomas Nosek in Senateurs zone.
15:29 of 2nd period - Keith Aulie is hit by Jordan Martinook and loses puck.
15:59 of 2nd period - Minor Penalty to Oliver Ekman-Larsson for Hooking.
16:00 of 2nd period - Sidney Crosby wins face-off versus Jamie Arniel in Penguins zone.
17:01 of 2nd period - Keith Aulie is hit by Sean Bergenheim and loses puck.
17:38 of 2nd period - Jared Cowen is hit by Jamie Arniel and loses puck.
17:59 of 2nd period - Penalty to Oliver Ekman-Larsson is over, Oliver Ekman-Larsson is back on ice.
18:02 of 2nd period - Icing by Oscar Klefbom.
18:03 of 2nd period - Steven Stamkos wins face-off versus Cody Eakin in Penguins zone.
18:11 of 2nd period - Wrist shot by Steven Stamkos.
18:11 of 2nd period - Shot Blocked by Jeff Woywitka.
18:13 of 2nd period - Wrist shot by Steven Stamkos.
18:13 of 2nd period - Stopped by Jonathan Bernier with a rebound.
18:29 of 2nd period - Snap shot by Joe Colborne.
18:29 of 2nd period - Deflect By Mats Zuccarello.
18:29 of 2nd period - Stopped by Jonathan Bernier with a rebound.
18:31 of 2nd period - Slapshot by Robert Hagg.
18:31 of 2nd period - Stopped by Jonathan Bernier without a rebound.
18:32 of 2nd period - Sidney Crosby wins face-off versus Joe Colborne in Senateurs zone.
18:32 of 2nd period - Sidney Crosby is hit by Oscar Klefbom.
18:42 of 2nd period - Wrist shot by Andy Andreoff.
18:42 of 2nd period - Shot Blocked by Sidney Crosby.
18:44 of 2nd period - Backhand shot by Oscar Klefbom.
18:44 of 2nd period - Shot Misses the Net.
18:58 of 2nd period - Oscar Klefbom is hit by Jordan Martinook and loses puck.
19:11 of 2nd period - Snap shot by Jordan Martinook.
19:11 of 2nd period - Stopped by Viktor Fasth without a rebound.
19:12 of 2nd period - Evgeni Malkin wins face-off versus Derek Stepan in Penguins zone.
19:15 of 2nd period - Snap shot by Evgeni Malkin.
19:15 of 2nd period - Shot Blocked by Keith Aulie.
19:17 of 2nd period - Wrist shot by Rostislav Olesz.
19:17 of 2nd period - Deflect By Evgeni Malkin.
19:17 of 2nd period - Shot Blocked by Oliver Ekman-Larsson.
19:17 of 2nd period - Puck is out of play.
19:18 of 2nd period - Derek Stepan wins face-off versus Evgeni Malkin in Penguins zone.
19:45 of 2nd period - Marcus Foligno is hit by Sean Bergenheim and loses puck.
Goals for this period are 1 for Penguins vs 1 for Senateurs.
Shots for this period are 11 for Penguins vs 12 for Senateurs.
3rd period
0:01 of 3rd period - Sidney Crosby wins face-off versus Steven Stamkos in neutral zone.
0:09 of 3rd period - Sean Bergenheim is hit by Nikita Kucherov and loses puck.
0:16 of 3rd period - Snap shot by Nikita Kucherov.
0:16 of 3rd period - Stopped by Jonathan Bernier with a rebound.
0:26 of 3rd period - Jared Cowen is hit by Jamie Arniel and loses puck.
1:10 of 3rd period - Snap shot by Eric Gelinas.
1:10 of 3rd period - Shot Blocked by Nick Leddy.
1:12 of 3rd period - Wrist shot by Jason Pominville.
1:12 of 3rd period - Stopped by Viktor Fasth with a rebound.
1:14 of 3rd period - Snap shot by Cody Eakin.
1:14 of 3rd period - Stopped by Viktor Fasth without a rebound.
1:15 of 3rd period - Steven Stamkos wins face-off versus Cody Eakin in Penguins zone.
1:20 of 3rd period - Slapshot by Robert Hagg.
1:20 of 3rd period - Deflect By Steven Stamkos.
1:20 of 3rd period - Shot Blocked by Jared Cowen.
1:20 of 3rd period - Puck is out of play.
1:21 of 3rd period - Steven Stamkos wins face-off versus Cody Eakin in Senateurs zone.
1:45 of 3rd period - Icing by Tomas Nosek.
1:46 of 3rd period - Evgeni Malkin wins face-off versus Derek Stepan in Senateurs zone.
2:34 of 3rd period - Snap shot by Jamie Arniel.
2:34 of 3rd period - Stopped by Jonathan Bernier without a rebound.
2:35 of 3rd period - Jamie Arniel wins face-off versus Evgeni Malkin in Senateurs zone.
3:12 of 3rd period - Michael Matheson is hit by Oscar Klefbom and loses puck.
4:25 of 3rd period - Tim Schaller is hit by Nikita Kucherov and loses puck.
4:42 of 3rd period - Slapshot by Derek Stepan.
4:42 of 3rd period - Shot Hit the Post.
4:44 of 3rd period - Slapshot by Marcus Foligno.
4:44 of 3rd period - Stopped by Jonathan Bernier without a rebound.
4:45 of 3rd period - Derek Stepan wins face-off versus Evgeni Malkin in Senateurs zone.
5:14 of 3rd period - Snap shot by Derek Stepan.
5:14 of 3rd period - Deflect By William Nylander.
5:14 of 3rd period - Stopped by Jonathan Bernier without a rebound.
5:15 of 3rd period - Sidney Crosby wins face-off versus Steven Stamkos in Senateurs zone.
5:20 of 3rd period - Keith Aulie is hit by Reilly Smith and loses puck.
5:52 of 3rd period - Icing by Paul Stastny.
5:53 of 3rd period - Jamie Arniel wins face-off versus Jordan Martinook in Penguins zone.
6:00 of 3rd period - Snap shot by Jordan Martinook.
6:00 of 3rd period - Deflect By Garnet Hathaway.
6:00 of 3rd period - Shot Misses the Net.
6:00 of 3rd period - Puck is out of play.
6:01 of 3rd period - Sidney Crosby wins face-off versus Steven Stamkos in Penguins zone.
6:18 of 3rd period - Snap shot by Taylor Chorney.
6:18 of 3rd period - Deflect By Nick Leddy.
6:18 of 3rd period - Stopped by Viktor Fasth without a rebound.
6:19 of 3rd period - Cody Eakin wins face-off versus Derek Stepan in Penguins zone.
6:20 of 3rd period - Wrist shot by Tim Schaller.
6:20 of 3rd period - Stopped by Viktor Fasth without a rebound.
6:21 of 3rd period - Cody Eakin wins face-off versus Marcus Foligno in Penguins zone.
6:54 of 3rd period - Slapshot by Eric Gelinas.
6:54 of 3rd period - Stopped by Viktor Fasth without a rebound.
6:55 of 3rd period - Cody Eakin wins face-off versus Jamie Arniel in Penguins zone.
7:20 of 3rd period - Snap shot by Jamie Arniel.
7:20 of 3rd period - Goal by Jamie Arniel - Penguins : 5 - Senateurs : 5.
7:21 of 3rd period - Reilly Smith wins face-off versus Steven Stamkos in neutral zone.
7:48 of 3rd period - Tim Schaller is hit by Marcus Foligno and loses puck.
8:53 of 3rd period - Slapshot by Taylor Chorney.
8:53 of 3rd period - Stopped by Viktor Fasth with a rebound.
9:10 of 3rd period - Marcus Foligno is hit by Garnet Hathaway.
9:32 of 3rd period - Snap shot by Cal Clutterbuck.
9:32 of 3rd period - Shot Misses the Net.
9:34 of 3rd period - Slapshot by Nick Leddy.
9:34 of 3rd period - Shot Blocked by Eric Gelinas.
10:18 of 3rd period - Oliver Ekman-Larsson is hit by Garnet Hathaway and loses puck.
10:53 of 3rd period - Wrist shot by Cody Eakin.
10:53 of 3rd period - Goal by Cody Eakin - Penguins : 5 - Senateurs : 6.
10:54 of 3rd period - Sidney Crosby wins face-off versus Steven Stamkos in neutral zone.
11:17 of 3rd period - Minor Penalty to Reilly Smith for Hooking.
11:18 of 3rd period - Sidney Crosby wins face-off versus Steven Stamkos in Senateurs zone.
11:18 of 3rd period - Sidney Crosby is hit by Nikita Kucherov.
12:02 of 3rd period - Icing by Nikita Kucherov.
12:03 of 3rd period - Cody Eakin wins face-off versus Steven Stamkos in Penguins zone.
12:14 of 3rd period - Snap shot by Cody Eakin.
12:14 of 3rd period - Stopped by Viktor Fasth without a rebound.
12:15 of 3rd period - Sidney Crosby wins face-off versus William Nylander in Penguins zone.
12:26 of 3rd period - Eric Gelinas is hit by Keith Aulie and loses puck.
12:51 of 3rd period - Slapshot by Keith Aulie.
12:51 of 3rd period - Stopped by Jonathan Bernier without a rebound.
12:52 of 3rd period - Steven Stamkos wins face-off versus Cody Eakin in Senateurs zone.
13:17 of 3rd period - Penalty to Reilly Smith is over, Reilly Smith is back on ice.
13:18 of 3rd period - Eric Gelinas is hit by Oliver Ekman-Larsson and loses puck.
13:30 of 3rd period - Snap shot by Jordan Martinook.
13:30 of 3rd period - Shot Misses the Net.
13:34 of 3rd period - Backhand shot by Sidney Crosby.
13:34 of 3rd period - Shot Misses the Net.
13:36 of 3rd period - Snap shot by Sidney Crosby.
13:36 of 3rd period - Shot Blocked by Oliver Ekman-Larsson.
13:38 of 3rd period - Wrist shot by Sidney Crosby.
13:38 of 3rd period - Goal by Sidney Crosby - Penguins : 5 - Senateurs : 7.
13:39 of 3rd period - Evgeni Malkin wins face-off versus Steven Stamkos in neutral zone.
13:58 of 3rd period - Reilly Smith is hit by Nikita Kucherov and loses puck.
14:19 of 3rd period - Taylor Chorney is hit by Keith Aulie and loses puck.
14:20 of 3rd period - Taylor Chorney from Senateurs is injured at 14:20 of 3rd period (Sprained Right Ankle).
14:21 of 3rd period - Steven Stamkos wins face-off versus Sean Bergenheim in Senateurs zone.
14:24 of 3rd period - Wrist shot by Steven Stamkos.
14:24 of 3rd period - Deflect By Nikita Kucherov.
14:24 of 3rd period - Stopped by Jonathan Bernier without a rebound.
14:25 of 3rd period - Sidney Crosby wins face-off versus Nikita Kucherov in Senateurs zone.
14:27 of 3rd period - Minor Penalty to Sean Bergenheim for Slashing.
14:28 of 3rd period - Sidney Crosby wins face-off versus Jamie Benn in Senateurs zone.
14:54 of 3rd period - Jordan Martinook is hit by Nick Leddy and loses puck.
15:37 of 3rd period - Reilly Smith is hit by Jamie Benn and loses puck.
16:27 of 3rd period - Penalty to Sean Bergenheim is over, Sean Bergenheim is back on ice.
16:34 of 3rd period - Sean Bergenheim is hit by Paul Stastny and loses puck.
16:55 of 3rd period - Wrist shot by Sidney Crosby.
16:55 of 3rd period - Stopped by Viktor Fasth without a rebound.
16:56 of 3rd period - Evgeni Malkin wins face-off versus Mats Zuccarello in Penguins zone.
17:19 of 3rd period - Minor Penalty to Justin Schultz for Hooking.
17:20 of 3rd period - Jamie Arniel wins face-off versus Sidney Crosby in Penguins zone.
19:19 of 3rd period - Penalty to Justin Schultz is over, Justin Schultz is back on ice.
Goals for this period are 1 for Penguins vs 2 for Senateurs.
Shots for this period are 7 for Penguins vs 10 for Senateurs.